 Dungeon Crawl Stone Soup version 0.27-a0-909-g0721f309d1 (webtiles) character file.

Game seed: 1791831475639583313

25 kae the Insei (level 2, -2/23 HPs)
             Began as a Demonspawn Gladiator on Apr 8, 2021.
             Succumbed to a water moccasin's poison
             ... on level 2 of the Dungeon.
             The game lasted 00:00:26 (956 turns).

kae the Insei (Demonspawn Gladiator)                 Turns: 956, Time: 00:00:26

Health: -2/23      AC:  4    Str: 14    XL:     2   Next: 86%
Magic:  2/2        EV: 12    Int:  9    God:
Gold:   31         SH:  0    Dex: 14    Spells: 1/1 levels left

rFire    . . .     SeeInvis .     - Unarmed
rCold    . . .     Faith    .   (no shield)
rNeg     . . .     Spirit   .   a - +0 leather armour
rPois    .         Reflect  .   b - +0 helmet
rElec    .         Harm     .   (no cloak)
rCorr    .         Rampage  .   (no gloves)
Will     .....                  (no boots)
Stlth    +.........             (no amulet)
HPRegen  0.07/turn              (no ring)
MPRegen  0.08/turn              (no ring)

@: lethally poisoned (-2 -> -25), attractive
A: hooves 1
a: no special abilities


You were on level 2 of the Dungeon.
You visited 1 branch of the dungeon, and saw 2 of its levels.

You collected 31 gold pieces.

Inventory:

Missiles
 c - 3 throwing nets (quivered)
Armour
 a - a +0 leather armour (worn)
 b - a +0 helmet (worn)
Scrolls
 d - a scroll of fear {unknown}
 h - a scroll of vulnerability {unknown}
Potions
 e - a potion of attraction
 f - a potion of ambrosia {unknown}
 g - 2 potions of flight {unknown}


   Skills:
 + Level 2.3 Fighting
 - Level 1.7 Throwing
 + Level 3.0 Dodging
 * Level 3.3 Unarmed Combat


You had one spell level left.
You didn't know any spells.
Your spell library was empty.

Dungeon Overview and Level Annotations

Branches:
Dungeon (2/15)

Altars:


Innate Abilities, Weirdness & Mutations

You have large cloven feet.


Message History

No target in view!
No target in view!
Found a hunting sling.
No target in view!
No target in view!
A water moccasin comes into view.
You see here a scroll labelled XIAQIN SUFYXT.
You closely miss the water moccasin. The water moccasin closely misses you.
A water moccasin is nearby!
You barely miss the water moccasin.
You kick the water moccasin, but do no damage.
The water moccasin bites you.
You are poisoned.
The water moccasin poisons you! The water moccasin bites you.
You are more poisoned.
The water moccasin poisons you!
You closely miss the water moccasin.
You kick the water moccasin, but do no damage.
You feel extremely sick. The water moccasin closely misses you.
There is a lethal amount of poison in your body!
You are too injured to fight recklessly!
You are too injured to fight recklessly!
There is a lethal amount of poison in your body!
You are too injured to fight recklessly!
You are too injured to fight recklessly!
You are too injured to fight recklessly!
You are too injured to fight recklessly!
You are too injured to fight recklessly!
You are too injured to fight recklessly!
You are too injured to fight recklessly!
You are too injured to fight recklessly!
You closely miss the water moccasin. You kick the water moccasin.
The water moccasin is lightly wounded.
* * * LOW HITPOINT WARNING * * *
You feel very sick.
The water moccasin completely misses you.
It was a potion of attraction.
You feel attractive to monsters.
You die...

.............)†............#
.##...####.........##.####.#
+##...# #.............# #.#
#...# ..........###..# #.#
#...##..........# #..# #.#
+....+......##..###..######
#...##......##............#
.... #.#######......<.#.#.#
#..@.#.......#
#.S#.....#.#.#
#........#...#
.)........###.# ...........#
... ............... #.
.............## ...#...
.....#


You could see a water moccasin.

Vanquished Creatures
  A worm (D:2)
  An endoplasm (D:2)
  2 goblins (D:1)
  A hobgoblin (D:1)
  5 ball pythons
  A bat (D:2)
  4 frilled lizards
  7 kobolds
  A rat (D:2)
23 creatures vanquished.

Notes
Turn   | Place    | Note
-------+----------+-------------------------------------------
     0 | D:1      | kae the Demonspawn Gladiator began the quest for the Orb.
     0 | D:1      | Reached XP level 1. HP: 16/16 MP: 1/1
   347 | D:1      | Gained mutation: You have large cloven feet. [demonic
                  | ancestry]
   347 | D:1      | Reached XP level 2. HP: 14/22 MP: 2/2
   497 | D:1      | Found a faded altar of an unknown god.
   950 | D:2      | Noticed a water moccasin
   956 | D:2      | Succumbed to a water moccasin's poison

Illustrated notes

Levels and vault maps discovered:
D:1:      dpeg_arrival_tiny_a, layout_basic, ebering_ecumenical_altar_abandoned
D:2:      layout_basic, serial_shops, shop

Skill      XL: |  1  2 |
---------------+-------+-----
Unarmed Combat | 3 |  3.3
Dodging        | 3 |  3.0
Fighting       | |  2.3
Throwing       | |  1.7

Action                   || total
-------------------------++-------
Melee: Unarmed           ||    69
       Kick              ||    10
  Use: Potion            ||     1
 Stab: Sleeping          ||     2
Armor: Leather armour    ||    17
Dodge: Dodged            ||    35

Table legend: (Time is in decaauts)
 A = Elapsed time spent in this place.
 B = Non-inter-level travel time spent in this place.
 C = Inter-level travel time spent in this place.
 D = Time resting spent in this place.
 E = Time spent auto-exploring this place.
 F = Levels seen in this place.
 G = Mean time per level.
                   A        B        C        D        E       F      G
               +--------+--------+--------+--------+--------+-----+--------+
         Total |    951 |    940 |     11 |      0 |    805 |   2 |  475.5 |
       Dungeon |    951 |    940 |     11 |      0 |    805 |   2 |  475.5 |
               +--------+--------+--------+--------+--------+-----+--------+

Top non-repeatable levels by time:
     D:1: 667 daAuts
     D:2: 284 daAuts
